 Dungeon Crawl Stone Soup version 0.28-a0-925-gd5e1996cdb (webtiles) character file.

Game seed: 9451283320919526772

134 BinkBink the Vexing (level 5, -1/38 HPs)
             Began as a Barachi Enchanter on Nov 26, 2021.
             Slain by Natasha (6 damage)
             ... on level 4 of the Dungeon.
             The game lasted 00:09:03 (4329 turns).

BinkBink the Vexing (Barachi Enchanter)             Turns: 4329, Time: 00:09:03

Health: -1/38      AC:  3    Str:  9    XL:     5   Next: 17%
Magic:  8/8        EV: 12    Int: 22    God:
Gold:   124        SH:  0    Dex: 13    Spells: 6/8 levels left

rFire   + . .      SeeInvis +   k - +3 dagger
rCold   . . .      Faith    .   (no shield)
rNeg    . . .      Spirit   .   m - +0 robe {rF+}
rPois   .          Reflect  .   (no helmet)
rElec   .          Harm     .   (no cloak)
rCorr   .          Rampage  .   (no gloves)
Will    .....                   n - +0 pair of boots
Stlth   ++........              (no amulet)
HPRegen 0.12/turn               d - ring of see invisible
MPRegen 0.11/turn               f - +6 ring of intelligence

@: unable to hop, slowed, very slow
A: amphibious, slowness 1, strong legs 1, +LOS
a: Hop


You were on level 4 of the Dungeon.
You visited 1 branch of the dungeon, and saw 4 of its levels.

You collected 124 gold pieces.

Inventory:

Hand Weapons
 k - a +3 dagger (weapon)
Armour
 m - a +0 robe of fire resistance (worn)
 n - a +0 pair of boots (worn)
Jewellery
 a - a ring of magical power
 d - a ring of see invisible (left hand)
 f - a +6 ring of intelligence (right hand)
Wands
 p - a wand of charming (12)
Scrolls
 e - a scroll of immolation {unknown}
 g - a scroll of amnesia {unknown}
 h - 3 scrolls of identify
 i - a scroll of enchant weapon {unknown}
 j - a scroll of teleportation {unknown}
 l - a scroll of acquirement {unknown}
 o - a scroll of fear
Potions
 c - a potion of invisibility


   Skills:
 * Level 2.1 Fighting
 + Level 2.3 Short Blades
 * Level 2.3 Armour
 + Level 2.6 Dodging
 + Level 3.4 Stealth
 + Level 2.3 Spellcasting
 + Level 3.6 Hexes


You had 6 spell levels left.
You knew the following spells:

 Your Spells              Type           Power      Damage    Failure   Level
a - Ensorcelled Hibernat  Hex/Ice        20%        N/A       10%         2

Your spell library contained the following spells:

 Spells                   Type           Power      Damage    Failure   Level
 Confusing Touch          Hex            18%        N/A       9%          3
 Tukima's Dance           Hex            18%        N/A       9%          3
 Pain                     Necr           8%         1d4       14%         1
 Dazzling Flash           Conj/Hex       20%        N/A       19%         3
 Agony                    Necr           2%         N/A       98%         5
 Excruciating Wounds      Necr           1%         N/A       98%         5
 Iskenderun's Battlesphe  Conj           2%         2d6       98%         5
 Iron Shot                Conj/Erth      1%         9d1       100%        6
 Spellforged Servitor     Conj/Summ      1%         N/A       100%        7


Dungeon Overview and Level Annotations

Branches:
Dungeon (4/15)
 Temple: D:4-7

Altars:

Shops:
D:1 *

Annotations:
D:4 Natasha


Innate Abilities, Weirdness & Mutations

You are amphibious.
You cover ground slowly.
You can hop short distances.
You have an extended range of vision and can be seen from far away.


Message History

Natasha is almost dead.
The endoplasm freezes you.
You are frozen.
* * * LOW HITPOINT WARNING * * *
The crimson imp blinks!
Natasha zaps a wand.
The puff of flame hits you. You resist.
* * * LOW HITPOINT WARNING * * *
Hop to where?
Press: ? - help, Dir - move target Boing!
Natasha casts a spell.
Natasha casts a spell at you.
You feel yourself slow down.
As you read the scroll labelled QUTIAM TOTUANK, it crumbles to dust.
It is a scroll of identify.
o - a scroll of fear It was a potion of heal wounds.
You feel much better. The endoplasm freezes you.
You are frozen.
The endoplasm hits you.
You hit Natasha.
Natasha is almost dead.
Natasha stares at you and mumbles some strange words.
The magic dart hits you.
* * * LOW HITPOINT WARNING * * *
The endoplasm hits you.
* * * LOW HITPOINT WARNING * * *
You closely miss Natasha.
Natasha is almost dead.
Natasha mumbles some strange words.
The endoplasm freezes you.
You are frozen.
* * * LOW HITPOINT WARNING * * *
Natasha closely misses you.
Okay, then.
As you read the scroll labelled TOOTSU ANGORGH, it crumbles to dust.
The scroll dissolves into smoke.
It was a scroll of fog.
The endoplasm hits you.
* * * LOW HITPOINT WARNING * * *
Natasha claws you.
You die...

.# #.... .# #.... .#
#... .# #.. .####
#.#############
.#...##.#........5..#
.#......#......#§§..#
.#.5...5h......#Jh§.#
.#......#......#@§..#
.#......#...[..#§§..#
.########......#§§§.#
...............#....#
.........#######....#
#........# .....#
#........# .....#
#....[...# .....#
#........# .....#


You could see Natasha and an endoplasm.

Vanquished Creatures
  Jessica (D:2)
  4 adders
  A worm (D:3)
  2 dart slugs
  5 orcs (D:3)
  11 endoplasms
  3 giant cockroaches
  7 goblins
  3 hobgoblins
  A jackal (D:1)
  6 kobolds
  2 quokkas
  3 ball pythons
  4 bats
  A quokka skeleton (D:4)
  3 rats
57 creatures vanquished.

Notes
Turn   | Place    | Note
-------+----------+-------------------------------------------
     0 | D:1      | BinkBink the Barachi Enchanter began the quest for the Orb.
     0 | D:1      | Reached XP level 1. HP: 13/13 MP: 3/3
   347 | D:1      | Found Bunn's Assorted Antiques.
   515 | D:1      | Reached XP level 2. HP: 20/20 MP: 5/5
   819 | D:1      | Reached skill level 1 in Fighting
   940 | D:1      | Found a faded altar of an unknown god.
  1076 | D:1      | Reached skill level 1 in Armour
  1402 | D:2      | Reached XP level 3. HP: 24/26 MP: 6/6
  1767 | D:1      | Learned a level 2 spell: Ensorcelled Hibernation
  2077 | D:2      | Noticed Jessica
  2094 | D:2      | Killed Jessica
  2095 | D:2      | Reached XP level 4. HP: 11/32 MP: 7/7
  3892 | D:3      | Reached XP level 5. HP: 32/38 MP: 8/8
  4302 | D:4      | Noticed Natasha
  4329 | D:4      | Slain by Natasha

Illustrated notes

Levels and vault maps discovered:
D:1:      dpeg_arrival_rooms_with_view, layout_basic, serial_shops,
          nicolae_shop_hallway_stairs, ebering_ecumenical_altar_sacrificial,
          kennysheep_minor_cross
D:2:      layout_rooms, kennysheep_jessica_study
D:3:      layout_basic
D:4:      layout_gridville, uniq_natasha

Skill      XL: |  1  2  3  4 |
---------------+-------------+-----
Fighting       | 1 2 |  2.1
Armour         | 1 2 |  2.3
Stealth        | 3 |  3.4
Short Blades   | 2 |  2.3
Dodging        | |  2.6
Spellcasting   | |  2.3
Hexes          | |  3.6

Action                   |  1- 3 |  4- 6 || total
-------------------------+-------+-------++-------
Melee: Dagger            |    95 |   135 ||   230
 Abil: Hop               |       |     2 ||     2
  Use: Potion            |       |     4 ||     4
       Scroll            |       |     2 ||     2
 Stab: Sleeping          |    10 |     4 ||    14
       Distracted        |       |     1 ||     1
Armor: Robe              |    10 |    26 ||    36
Dodge: Dodged            |    52 |    73 ||   125

Table legend: (Time is in decaauts)
 A = Elapsed time spent in this place.
 B = Non-inter-level travel time spent in this place.
 C = Inter-level travel time spent in this place.
 D = Time resting spent in this place.
 E = Time spent auto-exploring this place.
 F = Levels seen in this place.
 G = Mean time per level.
                   A        B        C        D        E       F      G
               +--------+--------+--------+--------+--------+-----+--------+
         Total |   4693 |   4586 |    107 |      0 |   3915 |   4 | 1173.2 |
       Dungeon |   4693 |   4586 |    107 |      0 |   3915 |   4 | 1173.2 |
               +--------+--------+--------+--------+--------+-----+--------+

Top non-repeatable levels by time:
     D:3: 1503 daAuts
     D:2: 1441 daAuts
     D:1: 1354 daAuts
     D:4: 394 daAuts
